AoeStats
← M@nqu!to

Arabia

505456853Analyzed
1v1 RM · 23d ago on Sep 9, 2026· 43m 53s· 2 players
Game mode
Random Map
Map size
Tiny (2 player)
Population
200
Speed
Normal
Resources
Standard
Victory
Conquest
Starting age
Dark Age
Ending age
Imperial Age
RankedLock teamsTeams togetherTeam positionsShared explorationLock speedFull tech treeHidden civsTurbo modeCheats
Victory
Defeat
🇩🇪 Aztecs · Germany
1138
+18
🇵🇪 Tatars · Peru
1180
-18
M@nqu!to
5:11 Loom
12:29 Feudal Age
12:36 Man-at-Arms
13:29 Arson
15:47 Town Watch
16:09 Padded Archer Armor
16:00 Fletching
19:57 Bloodlines
22:32 Scale Barding Armor
25:47 Castle Age
24:30 Gold Mining
24:59 Double-Bit Axe
26:26 Bodkin Arrow
26:47 Leather Archer Armor
30:02 Ballistics
31:41 Husbandry
31:50 Elite Skirmisher
XRXander
6:06 Loom
10:56 Feudal Age
11:58 Double-Bit Axe
13:17 Gold Mining
18:24 Fletching
24:07 Castle Age
22:30 Padded Archer Armor
24:18 Crossbowman
24:56 Bodkin Arrow
26:50 Bow Saw
27:05 Leather Archer Armor
27:52 Wheelbarrow
27:31 Scale Mail Armor
30:45 Ballistics
31:44 Hand Cart
39:35 Imperial Age
39:43 Arbalester
41:27 Chemistry
40:44 Bracer
Connection lost

Rejoining the realm…

Still unreachable

The connection could not be restored.

Session expired

The server has moved on; the page needs a fresh start.